[Event "Szansa Chess Open 2022"]
[Site "Warsaw"]
[Date "2022.09.18"]
[Round "10.7"]
[White "Niezhentsev, Kyrylo"]
[Black "Kokoszczynski, Jan"]
[Result "1/2-1/2"]
[ECO "A20"]
[WhiteElo "2009"]
[BlackElo "2313"]
[Annotator "ChessBase"]
[PlyCount "112"]
[EventDate "2022.09.17"]
[EventCountry "POL"]
[SourceTitle "playchess.com"]
[Source "ChessBase"]
[SourceQuality "1"]
[TimeControl "900+10"]

1. c4 e5 2. g3 Nf6 3. Bg2 Bc5 4. Nc3 O-O 5. e3 d6 6. Nf3 a6 7. O-O Ba7 8. d4 Nc6 9. d5 Ne7 10. e4 Ng6 11. Qe2 c6 12. h3 cxd5 13. cxd5 b5 14. a3 Nd7 15. Be3 Bxe3 16. Qxe3 Qb6 17. Qe2 Bb7 18. Rac1 Rfc8 19. h4 Nc5 20. Nd2 Rc7 21. b4 Nd7 22. Nb3 Rac8 23. Na2 Rxc1 24. Rxc1 Rxc1+ 25. Naxc1 Qc7 26. Qd2 Nb6 27. Na5 Bc8 28. Na2 Ne7 29. Qc3 Qxc3 30. Nxc3 g6 31. f3 Bd7 32. Bf1 Kf8 33. Kf2 Ke8 34. Ke3 f5 35. Be2 fxe4 36. fxe4 h5 37. Nb7 Nec8 38. Na5 Kd8 39. Nb3 Ne7 40. Nd2 Ng8 41. Nf3 Nf6 42. Ng5 Ke7 43. Kf2 Bc8 44. Ke3 Ng8 45. Kf2 Nh6 46. Ke3 Nf7 47. Nxf7 Kxf7 48. Kf2 Bd7 49. Ke3 Ke7 50. Kf2 Kd8 51. Ke3 Kc7 52. Kd2 Nc8 53. Nd1 Kb6 54. Kc3 Ne7 55. Nf2 Ng8 56. Kd2 Nf6 1/2-1/2

[Event "Szansa Chess Open 2022"]
[Site "Warsaw"]
[Date "2022.09.18"]
[Round "10.8"]
[White "Lapaj, Mateusz"]
[Black "Mulawa, Cyprian"]
[Result "0-1"]
[ECO "B34"]
[WhiteElo "2216"]
[BlackElo "2149"]
[Annotator "TA"]
[PlyCount "66"]
[EventDate "2022.09.17"]
[EventCountry "POL"]
[SourceTitle "playchess.com"]
[Source "ChessBase"]
[SourceQuality "1"]
[TimeControl "900+10"]

1. e4 c5 2. Nc3 Nc6 3. Nge2 Nf6 4. d4 cxd4 5. Nxd4 e5 6. Ndb5 d6 7. Nd5 Nxd5 8. exd5 Nb8 9. c4 Be7 10. Bd3 O-O 11. O-O a6 12. Nc3 f5 13. f3 Nd7 {[%emt 0:00:08] 13...Bg5 is not played anymore.} 14. Be3 Bg5 15. Bf2 e4 {[%emt 0:01:23] B33: Sicilian: Pelikan and Sveshnikov Variations.} (15... Qf6 $11 {remains equal.}) 16. fxe4 $16 f4 17. Bd4 Bf6 {[%emt 0:00:49] Inhibits e5. White has an edge.} 18. Be2 g5 {[%emt 0:00:41] [#]} 19. Bg4 $146 ({Predecessor:} 19. Rc1 Qe7 20. b4 Qg7 21. Bxf6 Rxf6 22. c5 Ne5 23. Qd2 Bd7 24. Rf2 Raf8 25. Rcf1 {0-1 (54) Ribeiro,F-San Segundo Carrillo,P Gausdal 1986}) 19... Ne5 20. Bxc8 (20. Be6+ $14 Kh8 21. b3) 20... Rxc8 $11 21. b3 Qe8 {[%emt 0:00:39][%cal Of4f3][%mdl 1024] Black has compensation.} (21... f3 {keeps more tension.} 22. Rc1 g4 23. Rc2 h5) 22. Rc1 Qg6 23. Kh1 h5 24. Qe2 Bg7 25. Nb1 g4 {[%emt 0:00:20] Threatens to win with ...f3.} 26. Nd2 {[%emt 0:00:11] Against f3} Rce8 27. c5 dxc5 28. Bxc5 ({Wrong is} 28. Rxc5 $2 f3 29. Qd1 (29. gxf3 $2 gxf3 30. Nxf3 Nxf3 $19) 29... fxg2+ 30. Kxg2 Nd3 $19) 28... Rf7 29. Rce1 h4 30. Bd4 $2 (30. h3 $1 $11) 30... h3 $2 (30... f3 $1 $19 31. gxf3 gxf3 32. Nxf3 Nxf3 33. Rxf3 Rxf3 34. Qxf3 (34. Bxg7 $2 Rxe4 35. Qxe4 Rf1+ 36. Rxf1 Qxe4+ 37. Kg1 h3 $19) 34... Bxd4) 31. gxh3 $2 (31. Bxe5 $11 {and White has nothing to worry.} Bxe5 32. gxh3) 31... f3 $19 32. Qd1 (32. Qe3 Bh6 33. Qg1 (33. Qf2 $2 Nd3 $19) 33... Bxd2 34. Rd1) 32... Nd3 $2 (32... g3 {( -> ...g2+)} 33. Rxf3 g2+ 34. Kg1 Nxf3+ 35. Nxf3 {[#]} Rxf3 $1 36. Bxg7 Rxe4 37. Rxe4 Rf1+ 38. Qxf1 gxf1=Q+ 39. Kxf1 Qf5+ 40. Kg1 Qxe4) 33. Re3 $2 {[%emt 0:00:37] [#]} (33. e5 $19 Rf4 34. hxg4) 33... gxh3 $1 {[%emt 0:00:09] Weighted Error Value: White=1.16/Black=0.55} 0-1

[Event "Szansa Chess Open 2022"]
[Site "Warsaw"]
[Date "2022.09.18"]
[Round "10.9"]
[White "Zochowski, Kacper"]
[Black "Goraj, Barbara"]
[Result "1-0"]
[ECO "A05"]
[WhiteElo "2257"]
[BlackElo "2121"]
[Annotator "ChessBase"]
[PlyCount "45"]
[EventDate "2022.09.17"]
[EventCountry "POL"]
[SourceTitle "playchess.com"]
[Source "ChessBase"]
[SourceQuality "1"]
[TimeControl "900+10"]

1. Nf3 Nf6 2. c4 g6 3. b3 Bg7 4. Bb2 d6 5. d4 O-O 6. g3 Nbd7 7. Bg2 Re8 8. O-O c6 9. Nc3 e5 10. e4 exd4 11. Nxd4 Nc5 12. Re1 a5 13. Qd2 Qb6 14. Rab1 a4 15. Bc1 axb3 16. axb3 Ncxe4 17. Bxe4 Nxe4 18. Nxe4 Qxd4 19. Nf6+ Qxf6 20. Rxe8+ Bf8 21. Bb2 Qf5 22. Rbe1 Qh3 23. Rxf8+ 1-0

[Event "Szansa Chess Open 2022"]
[Site "Warsaw"]
[Date "2022.09.18"]
[Round "10.11"]
[White "Golecki, Jan"]
[Black "Bartkiewicz, Pawel"]
[Result "0-1"]
[ECO "B13"]
[WhiteElo "2193"]
[BlackElo "1938"]
[Annotator "TA"]
[PlyCount "101"]
[EventDate "2022.09.17"]
[EventCountry "POL"]
[SourceTitle "playchess.com"]
[Source "ChessBase"]
[SourceQuality "1"]
[TimeControl "900+10"]

1. e4 c6 2. d4 d5 3. exd5 cxd5 4. Bd3 Nc6 5. c3 Nf6 6. Bf4 g6 7. Nf3 Bf5 $1 {[%emt 0:00:01][%mdl 4] now scores much better than the old 7...Bg7.} 8. O-O {[%emt 0:00:03] B13: Caro-Kann: Exchange Variation and Panov-Botvinnik Attack.} Bg7 9. Re1 {[%emt 0:00:01] Threatening Bxf5.} Bxd3 10. Qxd3 {[%emt 0:00:02] The position is equal.} O-O 11. Nbd2 Nh5 12. Bg5 Qc7 {[%emt 0:00:12] [#]} 13. Nf1 $146 ({Predecessor:} 13. Qe3 Rfe8 14. Bh6 Nf6 15. Bxg7 Kxg7 16. Ne5 Rab8 17. Ndf3 Ne4 18. Qf4 Nxe5 19. Nxe5 {0-1 (35) Paczka,P (1933)-Paszewski,M (2300) Katowice 2021}) 13... h6 14. Bd2 Rfe8 15. g3 Rad8 16. Ne3 Qd7 {[%emt 0:00:57] Against Ng4} 17. Kg2 e5 18. dxe5 Nxe5 19. Nxe5 Rxe5 20. Nc2 Rde8 21. Rxe5 Rxe5 22. Be3 a6 23. Bd4 Re4 24. Bxg7 Kxg7 25. Rd1 {[%emt 0:00:07] [#] aiming for Qxe4.} Qg4 {[%emt 0:01:08] And now ...Nf4+ would win.} 26. Kh1 ({Better is} 26. Kf1 $1 $11) 26... Re2 (26... Qe2 $1 $15) 27. Kg1 (27. Rd2 $11 Rxd2 28. Qxd2) 27... Nf4 $36 {[%emt 0:01:15][%cal Bh5f4,Bf4h3,Bh3f2,Bf2e4][%mdl 2080] Black has the initiative.} 28. Qd4+ Kg8 {[%emt 0:00:01] Black has more active pieces.} 29. Ne1 $2 {[%emt 0:06:15][%mdl 8192] Now White is beyond hope.} (29. Qxf4 $15 Qxf4 30. gxf4 Rxc2 31. Rxd5) 29... Nh3+ $19 30. Kg2 Rxf2+ 31. Qxf2 Nxf2 32. Rd2 {[%emt 0:00:31] Against Qe2} Ne4 33. Rc2 Qd1 34. Kf1 Nd2+ 35. Kf2 {[%emt 0:00:01] [#]} Nf3 $1 36. Re2 Nxe1 37. Rxe1 {[%emt 0:00:01][%mdl 4096] Endgame KQ-KR} Qc2+ 38. Re2 Qb1 39. a3 Kg7 40. Ke3 h5 41. Rd2 Qe4+ 42. Kf2 g5 43. Rd4 Qc2+ 44. Ke3 Qxb2 45. Rxd5 Qxc3+ 46. Rd3 Qe5+ {[%emt 0:00:04] Black mates.} 47. Kd2 Qb2+ 48. Ke3 Qxh2 49. Kd4 h4 50. gxh4 gxh4 51. Rg3+ {[%emt 0:00:02] Weighted Error Value: White=0.28 (precise) /Black=0.25 (precise)} 0-1

[Event "Szansa Chess Open 2022"]
[Site "Warsaw"]
[Date "2022.09.18"]
[Round "10.12"]
[White "Khamidov, Abdulla"]
[Black "Janeczko, Jakub"]
[Result "1/2-1/2"]
[ECO "B40"]
[WhiteElo "1804"]
[BlackElo "2159"]
[Annotator "TA"]
[PlyCount "109"]
[EventDate "2022.09.17"]
[EventCountry "POL"]
[SourceTitle "playchess.com"]
[Source "ChessBase"]
[SourceQuality "1"]
[TimeControl "900+10"]

1. e4 c5 2. Nf3 e6 3. c3 Nf6 4. e5 Nd5 5. d4 cxd4 6. cxd4 Nc6 7. Nc3 d6 8. Bc4 {[%emt 0:00:03] B22: Sicilian: 2 c3.} (8. Nxd5 $11 exd5 9. Bd3) 8... Nb6 9. Bb3 dxe5 10. dxe5 Qxd1+ 11. Kxd1 Bc5 12. Ne4 {[%emt 0:00:23] [#]} Bd4 $146 (12... Be7 $11) ({Predecessor:} 12... Be7 13. Be3 O-O 14. Ke2 Nd7 15. Bf4 Nc5 16. Nxc5 Bxc5 17. Rhd1 b6 18. Bc4 Bb7 19. a3 Rfd8 {1-0 (58) Gibbs,D (1993)-Lawrence,S (1720) Daventry 2022}) 13. Nd6+ $14 Ke7 14. Nxd4 {[%emt 0:00:03] White is more active.} Nxd4 15. Be3 Nxb3 16. axb3 Nd5 17. Bc5 b6 $1 18. Nxc8+ Kd7 19. Rxa7+ Rxa7 20. Nxa7 bxc5 $11 {[%emt 0:00:01][%mdl 4096] Endgame KRN-KRN} 21. Nb5 $1 Rb8 22. Nd6 f6 23. Ne4 Kc6 24. exf6 gxf6 25. Kc2 Nb4+ 26. Kd2 Nd5 (26... f5 $11 27. Ng5 e5) 27. Rc1 $14 Rb5 28. b4 (28. Ke2 $14) 28... Rxb4 $11 29. Nxc5 ({Don't play} 29. Rxc5+ Kb6 30. Rxd5 exd5 31. Nxf6 Kc5 $17) 29... Rxb2+ 30. Ke1 Kd6 31. Nd3 Ra2 32. g3 e5 33. Kf1 e4 34. Ne1 f5 35. Ng2 Ke5 36. Re1 Nb4 37. Nf4 {[%emt 0:00:08] Against Nd3} Kd4 38. Ne2+ Ke5 39. Nf4 Kd4 40. Re2 Ra1+ 41. Kg2 Nd3 42. Ne6+ (42. Kh3 $11 {remains equal.}) 42... Ke5 $17 43. Ng5 Ne1+ $1 44. Kh3 h6 $1 45. Nf7+ {[%emt 0:00:02] [#]} (45. Nh7 $17) 45... Kf6 $1 $19 46. Nxh6 {[%emt 0:02:23] [#]} Nf3 $2 (46... Kg6 $1 $19 47. Ng8 Kg5 48. Rxe1 Rxe1) 47. Rb2 $11 {[%emt 0:01:03] The position is equal.} Rh1 48. Rb6+ Ke5 49. Rb5+ Ke6 50. Nxf5 {[%emt 0:00:18] Hoping for g4.} Rxh2+ 51. Kg4 Rxf2 {[%emt 0:00:25] ( -> ...Ne5+)} 52. Rb6+ Ke5 {[%emt 0:00:17] White must now prevent ...Nh2+.} 53. Rb5+ Ke6 {[%emt 0:00:01] ...Ne5+ is the strong threat.} 54. Rb6+ Kd5 55. Rb5+ {[%emt 0:00:48] Weighted Error Value: White=0.13 (very precise) /Black=0.10 (very precise)} 1/2-1/2

[Event "Szansa Chess Open 2022"]
[Site "Warsaw"]
[Date "2022.09.18"]
[Round "10.13"]
[White "Kulesza, Andrzej"]
[Black "Fiszer, Bartosz"]
[Result "1/2-1/2"]
[ECO "B32"]
[WhiteElo "2014"]
[BlackElo "2232"]
[Annotator "TA"]
[PlyCount "131"]
[EventDate "2022.09.17"]
[EventCountry "POL"]
[SourceTitle "playchess.com"]
[Source "ChessBase"]
[SourceQuality "1"]
[TimeControl "900+10"]

1. e4 c5 2. Nf3 Nc6 3. d4 cxd4 4. Nxd4 e5 5. Nb5 d6 6. N1c3 a6 7. Na3 Be7 8. Nc4 b5 {[%emt 0:00:02] B32: Sicilian: Löwenthal and Kalashnikov Variations.} 9. Ne3 Nf6 10. Ned5 O-O 11. Be3 {[#]} Ng4 $146 ({Predecessor:} 11... Nxd5 12. Nxd5 Bg5 13. Bb6 Qd7 14. h4 Bd8 15. a4 bxa4 16. Bxd8 Qxd8 17. Rxa4 Bd7 {1-0 (62) Shahil,D (2369)-Tarun,K (2388) Cattolica 2022}) 12. Bb6 Qd7 13. f3 b4 14. fxg4 {[%emt 0:01:05] Black must now prevent Na4.} (14. Na4 {looks sharper.} Nf6 15. Bf2 Qb7 16. Nxe7+ Qxe7 17. Nb6) 14... bxc3 15. Nxc3 ({Better is} 15. bxc3 $11 Qxg4 16. Qxg4 Bxg4 17. Be2 Bxe2 18. Kxe2) 15... Qxg4 ({Black should try} 15... Rb8 $15 16. Nd5 Nb4 $1 17. Nxe7+ (17. Bc7 Nxd5 18. Bxb8 Nf6 $17) 17... Qxe7) 16. Qxg4 $11 Bxg4 17. Be2 Rfb8 (17... Be6 $11) 18. Bc7 Rb7 {[%emt 0:01:26] Strongly threatening ...Be6.} 19. Bxg4 Rxc7 20. Nd5 Rb7 21. Nxe7+ Nxe7 22. O-O-O Rd8 23. Rd2 g6 24. Bf3 Rb6 25. g4 Kg7 26. Rhd1 h6 27. c4 Rc6 (27... a5 $11) 28. b3 Kf6 29. Kb2 Ke6 30. Kc3 Rc7 31. b4 Nc6 32. Rd5 Nd4 33. Bg2 Ne2+ 34. Kb3 $1 Nd4+ 35. Kc3 $1 Rb8 36. Bf1 f6 37. a3 Rc6 $132 {[%emt 0:00:12][%mdl 2048] Black is not keeping still} 38. Bd3 Nb5+ 39. Kb2 Nd4 40. Rc1 Rbc8 41. Ra5 Ke7 42. c5 dxc5 43. Rcxc5 ({White has to play} 43. Bxa6 $16 R8c7 44. Raxc5 (44. Rcxc5 Rxc5 45. Rxc5 Rxc5 $16)) 43... Rxc5 44. bxc5 $16 {[%emt 0:00:13][%mdl 4096] Endgame KRB-KRN} (44. Rxc5 $11 {and White has nothing to worry.} Rxc5 45. bxc5) 44... Ne6 $2 (44... Rb8+ $19 45. Kc3 Rb3+ 46. Kc4 {[#]} Rxd3 $1 47. Rxa6 (47. Kxd3 $2 {too greedy.} Nb3 $19) 47... Re3 48. Ra7+ Kd8 49. Ra8+ Kc7 50. Ra7+ Kb8) 45. Rxa6 $11 Nxc5 46. Ra7+ Kd6 47. Bc2 Ne6 48. Rf7 Rf8 49. Rb7 Nd4 50. Bd3 f5 51. Rb6+ (51. gxf5 $11 gxf5 52. exf5) 51... Kc5 $17 52. Rxg6 fxe4 53. Bxe4 {[%emt 0:00:16] The position is equal.} Rf2+ 54. Kc3 Rxh2 55. Bd3 Rh3 56. Kd2 Kd5 {[%emt 0:00:15] Threatens to win with ...e4.} 57. Rg8 Rh2+ 58. Ke3 Rh3+ 59. Kd2 Nf3+ 60. Ke2 Nd4+ 61. Kd2 Rg3 62. a4 Rg2+ 63. Ke3 {[%emt 0:00:11] aiming for Be4+.} Rg3+ 64. Kd2 Nc6 65. Bb5 Nd4 66. Bd3 {[%emt 0:00:09] Weighted Error Value: White=0.19 (very precise) /Black=0.14 (very precise)} 1/2-1/2

[Event "Szansa Chess Open 2022"]
[Site "Warsaw"]
[Date "2022.09.18"]
[Round "10.14"]
[White "Pires, Emanuel Joao Robarts"]
[Black "Derylo, Kamil"]
[Result "0-1"]
[ECO "A13"]
[WhiteElo "1999"]
[BlackElo "2143"]
[Annotator "TA"]
[PlyCount "166"]
[EventDate "2022.09.17"]
[EventCountry "POL"]
[SourceTitle "playchess.com"]
[Source "ChessBase"]
[SourceQuality "1"]
[TimeControl "900+10"]

1. c4 e6 2. b3 d5 3. Bb2 Nf6 4. g3 b6 5. Bg2 Bb7 6. e3 {[%emt 0:00:08] [#] A13: English Opening: 1...e6.} Bd6 $146 ({Predecessor:} 6... Be7 7. Ne2 O-O 8. O-O Nbd7 9. d3 c5 10. Nd2 Qc7 11. f4 Rad8 12. Qc2 Qb8 {0-1 (58) Koelsch,M (2054)-Trella,T (2234) Playchess.com INT 2007}) 7. Ne2 Nbd7 8. O-O {[%emt 0:00:02] The position is equal.} O-O 9. d3 a6 10. Nd2 Qe7 11. Rc1 Rac8 12. Re1 Ba3 13. Qc2 Rfd8 14. Nf3 ({White should try} 14. Bxa3 $11 Qxa3 15. cxd5 Nxd5 16. Nc4) 14... Bxb2 15. Qxb2 c5 16. cxd5 Nxd5 17. d4 N7f6 18. Ne5 Nb4 19. Red1 Bxg2 20. Kxg2 Qb7+ 21. f3 (21. Kg1 $11 {keeps the balance.}) 21... Nfd5 $17 22. Kf2 cxd4 23. Nxd4 (23. exd4 $15 Rxc1 24. Nxc1) 23... Rxc1 24. Qxc1 (24. Rxc1 $11 {was the only way to keep the balance.} f6 25. Ndc6 (25. Nxe6 $2 Re8 $19) 25... fxe5 26. Nxd8 Nd3+ 27. Ke2 (27. Kg1 $2 Qd7 $19)) 24... Nxa2 (24... f6 $1 $17 25. Nc4 (25. Nxe6 Re8 $17) 25... Nxa2) 25. Qc6 $11 Qb8 {[%emt 0:04:50] [#]} (25... Qe7 $11 {and Black has nothing to worry.}) 26. Nd7 $2 (26. Nxf7 $1 $18 Re8 27. Nxe6) 26... Qc8 27. Nxb6 Nxb6 28. Qxb6 Kh8 ({Black should play} 28... Qb8 29. Qxb8 (29. Qxa6 Nb4 $14) 29... Rxb8) 29. Qa5 e5 (29... Nc3 $2 30. Rc1 $18) 30. Qxe5 ({Don't take} 30. Qxa2 exd4 31. exd4 (31. Rxd4 Rxd4 32. exd4 Qc3 $16) 31... Qb7 $16) 30... h6 (30... Nc3 $16 31. Rd3 f6) 31. Qa5 $1 $18 Nc3 32. Rc1 Rxd4 33. exd4 Ne4+ {[%emt 0:00:02][%mdl 64] Discovered Attack} 34. fxe4 Qxc1 $16 {[%emt 0:00:02][%mdl 4096] Endgame KQ-KQ} 35. Qd8+ (35. d5 $16) 35... Kh7 $11 36. Qd5 Qd2+ 37. Kf3 Qxh2 38. Qf5+ Kg8 39. Qc8+ Kh7 40. Qf5+ Kg8 41. d5 Qh1+ 42. Ke3 Qe1+ 43. Kd3 Qxg3+ 44. Kc4 (44. Kd4 $11) 44... Qc7+ $15 45. Kd3 Qg3+ (45... Kf8 $1 $15 {is superior.}) 46. Kd4 $11 Qxb3 47. Qc8+ Kh7 48. Qxa6 Qb2+ 49. Kc5 h5 50. Qd3 h4 51. d6 Qe5+ 52. Kc6 Qe6 53. Kc7 h3 {[%emt 0:00:01] ...h2 is the strong threat.} 54. e5+ g6 55. Qd4 {[%emt 0:00:05] Threatens to win with d7.} g5 56. d7 h2 57. Qe4+ Qg6 $2 (57... f5 $11 58. Qe1 Qe7) 58. Qg2 Qh5 59. Qc2+ $2 (59. Qh1 Qe2 60. d8=Q Qc4+ 61. Kd6 Qe6+ 62. Kc5 Qxe5+ 63. Qhd5 Qc3+ 64. Kd6) 59... Kg7 60. d8=Q {[%emt 0:00:06] White wants to mate with Qf6+.} h1=Q 61. Qf6+ (61. Qf5 Qc1+ 62. Kb8 Qh6 63. Qff6+ Qxf6 64. Qxf6+ Kg8 $17) 61... Kg8 62. Qd8+ Kg7 63. Qc3 {[%emt 0:00:13] e6+ would kill now.} (63. Qf5 Qc1+ 64. Kb8 Qh6 65. Qff6+ Qxf6 66. Qxf6+ Kg8 $17) 63... Q1h3 $2 (63... Q1f3 $11 64. Qxf3 Qxf3 65. Qxg5+ Kf8) 64. Qf6+ $1 Kg8 65. Qc5 $4 {[%emt 0:00:06][%mdl 8192] [#]} (65. Qb4 {mates} Qh6 66. Qb8+ Qf8 67. Qxg5+ Kh7 68. Qxf8 Qc3+ 69. Kd7 Qd4+ 70. Qd6 (70. Ke8 Qa4+ 71. Kxf7 Qc4+ 72. Ke7 Qe6+ 73. Kxe6 $11)) 65... Qg6 $2 {[%emt 0:00:30] The board is on fire.} (65... Q3f3 $1 $19 {[%cal Rf3f6] Hoping for ...Qxf6.} 66. Qce7 (66. Qd8+ $2 Kh7 $19) 66... Qxf6 67. Qxf6 g4) 66. Qd8+ $2 (66. Qxg6+ $11 fxg6 67. Qc6) 66... Kh7 $19 67. Qde7 Qhe6 68. Qf8 Qa6 69. Qfe7 Qad3 (69... Qf5 $142 70. Qd7 {[#]} Qb7+ $3 71. Kxb7 Qxd7+ 72. Kb8 g4) 70. Qf8 (70. e6 $142 Qg3+ 71. Kc8) 70... Qdf5 {[%emt 0:00:22] aiming for ...Qge6.} 71. Qfe7 Qge6 72. Kd8 {[%emt 0:00:10] Prevents Qc8+.} Qxe7+ 73. Kxe7 {[%emt 0:00:08] KQ-KQ} Kg7 74. Qd4 Qe6+ 75. Kd8 g4 {[%emt 0:00:05] Strongly threatening ...g3.} 76. Qf4 Qg6 {[%emt 0:00:07] And now ...g3 would win.} 77. Qg3 Qf5 {[%emt 0:00:02] White must now prevent ...Qf3.} 78. Ke7 Qe6+ 79. Kd8 Kg6 80. Qf4 Qf5 81. Qh2 Qg5+ 82. Kd7 g3 83. Qc2+ Qf5+ {[%emt 0:00:03] Weighted Error Value: White=0.30/Black=0.31} 0-1

[Event "Szansa Chess Open 2022"]
[Site "Warsaw"]
[Date "2022.09.18"]
[Round "10.15"]
[White "Smieszek, Wojciech"]
[Black "Bespalov, Ivan"]
[Result "1-0"]
[ECO "B01"]
[WhiteElo "2082"]
[BlackElo "1841"]
[Annotator "TA"]
[PlyCount "81"]
[EventDate "2022.09.17"]
[EventCountry "POL"]
[SourceTitle "playchess.com"]
[Source "ChessBase"]
[SourceQuality "1"]
[TimeControl "900+10"]

1. e4 d5 2. exd5 Qxd5 3. Nf3 Nf6 4. d4 c6 5. c4 Qd8 6. Be2 {[%emt 0:00:03] B01: Scandinavian Defence.} Bg4 7. O-O e6 8. Nc3 {[%emt 0:00:11] White is slightly better.} Be7 9. Be3 O-O 10. Ne5 Bxe2 11. Qxe2 Re8 12. Rad1 Nbd7 13. f4 {[%emt 0:00:42] [#]} Nf8 $146 ({Predecessor:} 13... Qa5 14. Kh1 Rad8 15. Rd3 a6 16. a3 Qc7 17. Rfd1 b5 18. c5 Nd5 19. Nxd5 exd5 {1-0 (31) Monev,A (2168)-Krastev,K (1915) Teteven 2014}) 14. Qf3 {[%emt 0:00:16] White has more active pieces. The black rooks are badly placed.} Ng6 15. Ne4 (15. Bf2 $14) 15... Nh4 16. Nxf6+ Bxf6 17. Qe2 Nf5 18. g4 Nxe3 19. Qxe3 g6 20. f5 (20. g5 $11 Bg7 21. Kg2) 20... exf5 $15 21. gxf5 Bxe5 22. dxe5 Qb6 23. c5 Qxb2 24. fxg6 hxg6 25. Rd7 (25. Rxf7 $11 Kxf7 26. Qf4+ Kg8 27. Qc4+ Kh8 28. Qh4+ Kg8 29. Qc4+ Kh8 30. Qh4+ Kg8 31. Qc4+) 25... Qxe5 (25... Rxe5 $17 26. Qf2 Rg5+ 27. Kh1 Qxf2 28. Rxf2 Rf8 29. Rxb7 a5) 26. Qxe5 $11 Rxe5 27. Rfxf7 $17 {[%emt 0:00:02][%mdl 4096] Endgame KRR-KRR} Rg5+ 28. Kf2 Rf8 29. Rxf8+ Kxf8 30. Rxb7 Rxc5 31. Rxa7 $11 {[%emt 0:00:02] KR-KR} Rh5 32. Kg3 Rg5+ 33. Kf2 Rh5 34. Kg2 Rg5+ 35. Kh1 c5 36. a4 c4 37. Rc7 Rg4 38. a5 {[%emt 0:00:24] White threatens a6 and mate.} Rg5 $2 {[%emt 0:00:04][%mdl 8192] [#]} (38... c3 $11) 39. a6 {White mates.} Ra5 40. a7 c3 41. Rc8+ {[%emt 0:00:07] Weighted Error Value: White=0.17 (very precise) /Black=0.30} 1-0

[Event "Szansa Chess Open 2022"]
[Site "Warsaw"]
[Date "2022.09.18"]
[Round "10.16"]
[White "Jarzebowski, Kacper"]
[Black "Adamski, Adam"]
[Result "1-0"]
[ECO "A05"]
[WhiteElo "2106"]
[BlackElo "1886"]
[Annotator "TA"]
[PlyCount "91"]
[EventDate "2022.09.17"]
[EventCountry "POL"]
[SourceTitle "playchess.com"]
[Source "ChessBase"]
[SourceQuality "1"]
[TimeControl "900+10"]

1. Nf3 Nf6 2. g3 g6 3. Bg2 d5 4. O-O Bg7 5. d3 Nbd7 6. Nc3 c6 7. e4 dxe4 8. Nxe4 O-O 9. c3 (9. Ned2 $11) 9... Nxe4 $15 {[%emt 0:00:07] A07: Réti Opening: New York and Capablanca Systems.} 10. dxe4 e5 {[%emt 0:00:03] [#]} (10... Nc5 $15) 11. Bg5 $146 ({Predecessor:} 11. Be3 Qc7 12. Qc2 c5 13. Rad1 Nf6 14. Ng5 Ng4 15. Bc1 c4 16. h3 Nf6 17. f4 {½-½ (46) Bueno,M (1661)-Fedrizzi,R (1962) Cuiaba 2021}) 11... Qc7 {[%emt 0:01:41] The position is equal.} 12. Qc2 Re8 13. Rfd1 Nf8 14. Nd2 Bg4 15. Bf3 Bxf3 16. Nxf3 f6 17. Be3 b6 18. h4 Rad8 19. a4 Rxd1+ 20. Rxd1 Rd8 (20... h5 $14) 21. Qb3+ Kh8 22. h5 $36 {[%emt 0:00:55][%mdl 2048] [#] And now Rxd8 would win. White has some pressure. White is much more active.} Rxd1+ 23. Qxd1 {[%emt 0:00:01] Hoping for h6.} Qd7 24. Qe2 {[%emt 0:01:40] h6 is the strong threat.} gxh5 25. Nh4 $1 Qg4 (25... c5 $14) 26. Qc4 {[%emt 0:01:01][%mdl 1024] White has strong compensation.} Qe6 {[%emt 0:00:02] [#]} 27. Qa6 Qd7 28. a5 Ng6 (28... bxa5 $16 29. Bxa7 Ne6) 29. Nf5 h4 $2 (29... bxa5 $16 {might work better.} 30. Qxa5 (30. Bxa7 h6 $14) 30... h4) 30. axb6 $18 axb6 31. Nxh4 b5 $2 (31... Qd1+ $2 32. Kh2 $18) (31... Bf8 {is a better chance.} 32. Qa8 (32. Qxb6 Nxh4 33. gxh4 Qg4+ 34. Kf1 Qd1+ 35. Kg2 Qg4+ 36. Kf1 Qd1+ 37. Kg2 Qg4+ 38. Kf1 $11) 32... Kg8) 32. Qa8+ {[%emt 0:00:12] White is clearly winning.} Nf8 33. Nf5 Qd1+ 34. Kg2 {[%emt 0:00:11] aiming for Bc5.} Qd7 35. Bc5 Kg8 36. Nxg7 Qxg7 37. Qxc6 {[%emt 0:00:22][%mdl 4096] Endgame KQB-KQN} Qg4 38. Qa8 Qg7 39. Qxf8+ Qxf8 40. Bxf8 Kxf8 {[%emt 0:00:01] KP-KP} 41. Kh3 Kf7 42. Kg4 Ke6 43. b3 h5+ 44. Kxh5 f5 45. exf5+ Kxf5 46. c4 {[%emt 0:00:01] White took control after the opening.  Weighted Error Value: White=0.10 (very precise) /Black=0.40} 1-0